 Dungeon Crawl Stone Soup version 0.21.0-3-g78d12a8 (webtiles) character file.

25347 Gruud the Cleaver (level 12, -11/74 HPs)
             Began as a Demonspawn Necromancer on Jan 14, 2018.
             Was an Initiate of Uskayaw.
             Mangled by a death yak (22 damage)
             ... on level 3 of the Lair of Beasts.
             The game lasted 01:16:32 (15024 turns).

Gruud the Cleaver (Demonspawn Necromancer)         Turns: 15024, Time: 01:16:33

Health: -11/74     AC: 11    Str: 12    XL:     12   Next: 88%
Magic:  26/28      EV:  9    Int: 18    God:    Uskayaw [......]
Gold:   277        SH:  0    Dex: 14    Spells: 2/15 levels left

rFire    + . .     SeeInvis +   a - +7 war axe of Eternal Vigilance {freeze, rF+ rN+}
rCold    + . .     Gourm    .   (no shield)
rNeg     + + .     Faith    .   O - +0 chain mail {rC+}
rPois    .         Spirit   .   (helmet unavailable)
rElec    .         Reflect  .   (no cloak)
rCorr    .         Harm     .   z - +0 pair of gloves
MR       .....                  i - +1 pair of boots "Aqub" {MP+9 Stlth+}
Stlth    ..........             (no amulet)
HPRegen  0.22/turn              G - ring of positive energy
MPRegen  0.21/turn              (no ring)

@: no status effects
A: antennae 3, powered by death 2, powered by pain 1
a: Renounce Religion


You were on level 3 of the Lair of Beasts.
You worshipped Uskayaw.
Uskayaw was aware of your devotion.
You were very hungry.

You visited 3 branches of the dungeon, and saw 15 of its levels.

You collected 1017 gold pieces.
You spent 740 gold pieces at shops.

Inventory:

Hand Weapons
 a - the +7 war axe of Eternal Vigilance (weapon) {freeze, rF+ rN+}
   (You found it on level 5 of the Dungeon)

   It has been specially enchanted to freeze those struck by it, causing extra
   injury to most foes and up to half again as much damage against particularly
   susceptible opponents.
   It can also slow down cold-blooded creatures.
   It protects you from fire.
   It protects you from negative energy.
 b - the +8 frozen axe "Frostbite" {freezing cloud, *Noise +Fly rC+}
   (You found it on level 7 of the Dungeon)

   It has been specially enchanted to freeze those struck by it, causing extra
   injury to most foes and up to half again as much damage against particularly
   susceptible opponents.
   It can also slow down cold-blooded creatures.
   It protects you from cold.
   It lets you fly.
   It may make noises in combat.
 w - a +0 blowgun
 H - a +1 hand axe of flaming
Missiles
 C - 3 poisoned tomahawks
 K - 8 exploding tomahawks (quivered)
 P - 6 curare-tipped needles
Armour
 i - the +1 pair of boots "Aqub" (worn) {MP+9 Stlth+}
   (You found it on level 9 of the Dungeon)

   It affects your magic capacity (+9).
   It makes you more stealthy.
 q - the +1 robe "Viothuz" {rF+}
   (You found it on level 7 of the Dungeon)

   It protects you from fire.
 z - a +0 pair of gloves (worn)
 O - a +0 chain mail of cold resistance (worn)
Jewellery
 G - a ring of positive energy (left hand)
 T - an uncursed ring of ice
Wands
 l - a wand of enslavement (10)
 s - a wand of flame (24)
 u - a wand of paralysis (7)
 y - a wand of polymorph (9)
 F - a wand of clouds (11)
 J - a wand of random effects (26)
 L - a wand of iceblast (7)
Scrolls
 d - 5 scrolls of enchant armour
 g - 4 scrolls of blinking
 h - 9 scrolls of remove curse
 k - 8 scrolls of teleportation
 n - a scroll of fear
 o - 2 scrolls of summoning
 x - a scroll of amnesia
 S - a scroll of identify
Potions
 e - 12 potions of curing
 f - 3 potions of heal wounds
 j - 8 potions of brilliance
 m - 2 potions of lignification
 p - 2 potions of mutation
 v - 2 potions of flight
 A - a potion of cancellation
 B - 2 potions of resistance
 D - 3 potions of agility
 I - a potion of invisibility
 N - a potion of magic
 R - 2 potions of haste
Books
 r - a book of Frost

   Spells                             Type                      Level
   a - Freeze                         Ice                          1
   b - Throw Frost                    Conjuration/Ice              2
   c - Ozocubu's Armour               Charms/Ice                   3
   d - Throw Icicle                   Conjuration/Ice              4
   e - Summon Ice Beast               Ice/Summoning                4
 t - a book of Necromancy

   Spells                             Type                      Level
   a - Pain                           Necromancy                   1
   b - Animate Skeleton               Necromancy                   1
   c - Vampiric Draining              Necromancy                   3
   d - Regeneration                   Charms/Necromancy            3
   e - Animate Dead                   Necromancy                   4
   f - Borgnjor's Vile Clutch         Necromancy/Earth             5
 E - a book of Clouds

   Spells                             Type                      Level
   a - Poisonous Vapours              Poison/Air                   2
   b - Mephitic Cloud                 Conjuration/Poison/Air       3
   c - Conjure Flame                  Conjuration/Fire             3
   d - Freezing Cloud                 Conjuration/Ice/Air          6
   e - Ring of Flames                 Charms/Fire                  7
 Q - a book of Geomancy

   Spells                             Type                      Level
   a - Sandblast                      Earth                        1
   b - Passwall                       Transmutation/Earth          2
   c - Stone Arrow                    Conjuration/Earth            3
   d - Petrify                        Transmutation/Earth          4
   e - Lee's Rapid Deconstruction     Earth                        5
Miscellaneous
 M - a lightning rod (1/4)
Comestibles
 c - 33 rations


   Skills:
   Level 4.4 Long Blades
 * Level 13.0 Axes
 + Level 1.9 Armour
 - Level 9.6 Dodging
 - Level 1.7 Stealth
 - Level 2.0 Spellcasting
 - Level 5.0 Charms
 - Level 8.0 Necromancy
 + Level 1.8 Earth Magic
 + Level 10.4 Invocations


You had 2 spell levels left.
You knew the following spells:

 Your Spells              Type           Power        Failure   Level  Hunger
a - Passwall              Tmut/Erth      #.........   100%        2    ###....
b - Animate Skeleton      Necr           N/A          28%         1    #......
c - Vampiric Draining     Necr           ####......   63%         3    ###....
d - Regeneration          Chrm/Necr      ####......   83%         3    ###....
e - Animate Dead          Necr           N/A          95%         4    #####..


Dungeon Overview and Level Annotations

Branches:
Dungeon (10/15)            Temple (1/1) D:5            Lair (4/6) D:10
 Spider (0/4) Lair:4          Orc (0/2) D:9
  Swamp: Lair:2-4    Shoals: Lair:2-4

Altars:
Ashenzari
Cheibriados
Dithmenos
Elyvilon
Fedhas
Gozag
Hepliaklqana
Kikubaaqudgha
Makhleb
Nemelex Xobeh
Okawaru
Qazlal
Ru
Sif Muna
Trog
Uskayaw
Vehumet
Wu Jian
Xom
Yredelemnul
Zin
The Shining One

Shops:
D:6 (   D:7 *   D:8 *


Innate Abilities, Weirdness & Mutations

You have a pair of large antennae on your head. (SInv)
You regenerate health from kills.
You sometimes gain a little power by taking damage.


Message History

The death yak is almost dead.
You feel somewhat more hungry.
You can no longer stomp with the beat.
The death yak gores you!
* * * LOW HITPOINT WARNING * * *
You feel better. The death yak gores you!
* * * LOW HITPOINT WARNING * * *
You feel better.
The death yak gores you but does no damage.
Your chain mail prevents you from hitting the death yak.
The death yak is almost dead.
The death yak gores you.
* * * LOW HITPOINT WARNING * * *
You hit the death yak but do no damage.
The death yak is almost dead.
The death yak gores you but does no damage.
You hit the death yak but do no damage.
The death yak is almost dead.
The death yak gores you!!
You die...

#.... #.... #....
####. #### ### ###.
#..###.### #...
##........########...
#..........P..#......
##..@............#...
#..Y............#...
##........#..........
#..........##..##....
#P...............#...
#.................#..
##...................
###...P..#......[....
#....................


You could see a death yak.

Vanquished Creatures
  Gastronok (Lair:1)
  A hydra (Lair:3)
  A death yak (Lair:4)
  3 two-headed ogres
  5 elephants (Lair:3)
  9 spiny frogs
  2 rime drakes
  A komodo dragon (Lair:2)
  A queen bee (Lair:1)
  2 trolls
  A jumping spider (Lair:4)
  A hornet (D:10)
  2 hippogriffs
  5 redbacks
  A wraith (D:10)
  11 yaks
  4 hogs (D:9)
  2 wyverns
  A human (D:9)
  A steam dragon (D:10)
  A vampire mosquito (D:10)
  A soldier ant (shapeshifter) (D:8)
  7 water moccasins
  15 porcupines
  A swamp drake (D:9)
  2 ice beasts
  3 black bears
  2 phantoms (D:10)
  6 sky beasts
  6 ogres
  4 orc warriors
  A necrophage (D:9)
  3 wolves (Lair:4)
  3 centaurs
  4 crocodiles
  A big kobold (D:10)
  12 bullfrogs
  A water moccasin zombie (D:10)
  4 scorpions
  4 wights (D:9)
  8 howler monkeys
  7 crimson imps
  2 bullfrog zombies
  4 jellies
  2 centaur skeletons
  2 centaur zombies (D:10)
  4 hounds
  4 orc priests
  6 orc wizards
  A bullfrog skeleton (D:10)
  3 iguanas
  6 worker ants
  7 gnolls
  A worker ant zombie (D:2)
  8 adders
  A shadow imp (D:7)
  2 oozes
  An adder zombie (D:5)
  2 adder skeletons (D:4)
  2 worms
  2 dart slugs
  4 leopard geckos
  23 orcs
  3 bats
  11 giant cockroaches
  6 goblins
  6 hobgoblins
  8 kobolds
  7 quokkas
  2 frilled lizards
  A gnoll zombie (D:3)
  A quokka skeleton (D:6)
  4 rats
  5 fungi
292 creatures vanquished.

Vanquished Creatures (collateral kills)
  A two-headed ogre (D:9)
  A spiny frog (Lair:3)
  A hippogriff (Lair:2)
  7 yaks
  A basilisk (Lair:2)
  A water moccasin (D:10)
  A phantom (D:6)
  An ogre (D:8)
  A crocodile (Lair:2)
  An orc priest (D:8)
  A hound (D:9)
  A jelly (D:9)
  An iguana (D:10)
  An orc wizard (D:8)
  A hound skeleton (D:9)
  4 orcs
  A giant cockroach (D:1)
  A gnoll zombie (D:3)
  A frilled lizard (D:1)
  2 kobolds (D:10)
  A rat (D:2)
  A plant (Lair:2)
32 creatures vanquished.

Vanquished Creatures (others)
  A bush (Lair:4)
  3 fungi
  A plant (Lair:3)
5 creatures vanquished.

Grand Total: 329 creatures vanquished

Notes
Turn   | Place    | Note
-------+----------+-------------------------------------------
     0 | D:1      | Gruud the Demonspawn Necromancer began the quest for the Orb.
     0 | D:1      | Reached XP level 1. HP: 13/13 MP: 3/3
     2 | D:1      | Learned a level 1 spell: Animate Skeleton
   234 | D:1      | Gained mutation: You regenerate a little health from kills. [demonic ancestry]
   234 | D:1      | Reached XP level 2. HP: 9/19 MP: 3/5
   277 | D:1      | Reached skill level 5 in Necromancy
  1110 | D:1      | Gained mutation: You have a pair of small antennae on your head. [demonic ancestry]
  1110 | D:1      | Reached XP level 3. HP: 10/24 MP: 4/6
  1245 | D:2      | Found a bloodstained altar of Trog.
  1279 | D:2      | Learned a level 3 spell: Vampiric Draining
  1403 | D:2      | Found a deep blue altar of Sif Muna.
  1471 | D:2      | Found a deep blue altar of Sif Muna.
  1471 | D:2      | Found a burning altar of Makhleb.
  1476 | D:2      | Found a faded altar of an unknown god.
  1481 | D:2      | Found a sacrificial altar of Ru.
  1482 | D:2      | Found an ancient bone altar of Kikubaaqudgha.
  1556 | D:2      | Found an ornate altar of the Wu Jian Council.
  2332 | D:3      | Reached XP level 4. HP: 27/30 MP: 1/7
  2894 | D:3      | Found a basalt altar of Yredelemnul.
  2961 | D:4      | Reached XP level 5. HP: 12/35 MP: 1/8
  2993 | D:3      | Learned a level 3 spell: Regeneration
  3702 | D:4      | Reached skill level 1 in Long Blades
  3882 | D:5      | Entered Level 5 of the Dungeon
  3888 | D:5      | Found a white marble altar of Elyvilon.
  4167 | D:5      | Noticed a sky beast
  4181 | D:5      | Killed a sky beast
  4181 | D:5      | Reached skill level 1 in Armour
  4181 | D:5      | Gained mutation: You regenerate health from kills. [demonic ancestry]
  4181 | D:5      | Reached XP level 6. HP: 12/41 MP: 5/9
  4502 | D:5      | Found a staircase to the Ecumenical Temple.
  4508 | Temple   | Entered the Ecumenical Temple
  4547 | Temple   | Became a worshipper of Uskayaw the Reveler
  4644 | D:5      | Noticed a sky beast
  4647 | D:5      | Reached * piety under Uskayaw
  4669 | D:5      | Killed a sky beast
  4669 | D:5      | Reached ** piety under Uskayaw
  4695 | D:5      | Found a shimmering altar of Xom.
  4778 | D:5      | Reached XP level 7. HP: 36/46 MP: 10/10
  4827 | D:5      | Got a fine war axe
  4828 | D:5      | Identified the +7 war axe of Eternal Vigilance {freeze, rF+ rN+} (You found it on level 5 of the Dungeon)
  5125 | D:6      | Reached skill level 1 in Invocations
  5178 | D:6      | Reached skill level 1 in Axes
  5178 | D:6      | Reached skill level 1 in Charms
  5199 | D:6      | Found a sparkling altar of Nemelex Xobeh.
  5247 | D:6      | Reached skill level 2 in Axes
  5251 | D:6      | Reached *** piety under Uskayaw
  5319 | D:6      | Found Ifromest's Weapon Boutique.
  5507 | D:6      | Gained mutation: You sometimes gain a little power by taking damage. [demonic ancestry]
  5507 | D:6      | Reached XP level 8. HP: 42/52 MP: 11/11
  5754 | D:6      | Found a stormy altar of Qazlal.
  6130 | D:7      | Reached **** piety under Uskayaw
  6266 | D:7      | Found Sowiutic's Island Escapes.
  6488 | D:7      | Got an ominously black robe
  6499 | D:7      | Identified the +1 robe "Viothuz" {rF+} (You found it on level 7 of the Dungeon)
  6697 | D:7      | Found a glowing silver altar of Zin.
  6919 | D:7      | Found the +8 frozen axe "Frostbite" {freezing cloud, *Noise +Fly rC+}
  7241 | D:8      | Reached skill level 3 in Axes
  7241 | D:8      | Reached skill level 5 in Invocations
  7297 | D:8      | Found Huzusm's General Store.
  7447 | D:8      | Reached XP level 9. HP: 51/57 MP: 9/13
  7522 | D:8      | Reached skill level 4 in Axes
  7635 | D:8      | Noticed a two-headed ogre
  7650 | D:8      | Killed a two-headed ogre
  7650 | D:8      | Reached skill level 5 in Axes
  7909 | D:8      | Found a snail-covered altar of Cheibriados.
  8000 | D:8      | Noticed a salamander
  8009 | D:8      | a salamander changed into a shapeshifter
  8125 | D:9      | Reached ***** piety under Uskayaw
  8136 | D:9      | Reached ****** piety under Uskayaw
  8160 | D:9      | Noticed a two-headed ogre
  8257 | D:9      | Reached skill level 6 in Axes
  8257 | D:9      | Reached skill level 5 in Charms
  8335 | D:9      | Noticed a two-headed ogre
  8410 | D:9      | Killed a two-headed ogre
  8410 | D:9      | Reached skill level 5 in Dodging
  8410 | D:9      | Gained mutation: You have a pair of antennae on your head. [demonic ancestry]
  8410 | D:9      | Reached XP level 10. HP: 63/63 MP: 15/15
  8615 | D:9      | Reached skill level 7 in Axes
  8642 | D:9      | Found a staircase to the Orcish Mines.
  8828 | D:9      | Got a pair of steaming boots
  8839 | D:9      | Identified the +1 pair of boots "Aqub" {MP+9 Stlth+} (You found it on level 9 of the Dungeon)
  8855 | D:9      | Killed a two-headed ogre
  8933 | D:9      | Reached skill level 8 in Axes
  9140 | D:10     | Entered Level 10 of the Dungeon
  9251 | D:10     | Paralysed by a hornet for 1 turns
  9259 | D:10     | Noticed a two-headed ogre
  9361 | D:7      | Bought a scroll of blinking for 90 gold pieces
  9361 | D:7      | Bought a scroll of blinking for 90 gold pieces
  9361 | D:7      | Bought a scroll of blinking for 90 gold pieces
  9361 | D:7      | Bought a potion of invisibility for 96 gold pieces
  9541 | D:10     | Reached XP level 11. HP: 45/68 MP: 18/18
  9550 | D:10     | HP: 1/68 [yak (13)]
  9584 | D:10     | Reached skill level 9 in Axes
  9850 | D:10     | Reached skill level 10 in Invocations
 10056 | D:10     | Killed a two-headed ogre
 10184 | D:10     | Reached skill level 10 in Axes
 10308 | D:10     | Noticed a rakshasa
 10308 | D:10     | Noticed a wolf spider
 10324 | D:10     | Found a staircase to the Lair.
 10349 | Lair:1   | Entered Level 1 of the Lair of Beasts
 10349 | Lair:1   | Noticed Gastronok
 10361 | Lair:1   | Killed Gastronok
 10390 | Lair:1   | Noticed Sonja
 10392 | Lair:1   | Noticed Sonja
 10392 | Lair:1   | Sonja changed into Sonja the queen bee
 10407 | Lair:1   | Killed Sonja the queen bee
 10478 | Lair:1   | Learned a level 4 spell: Animate Dead
 10618 | Lair:1   | Reached skill level 11 in Axes
 11310 | Lair:2   | Gained mutation: You have a pair of large antennae on your head. (SInv) [demonic ancestry]
 11310 | Lair:2   | Reached XP level 12. HP: 39/74 MP: 19/19
 12196 | Lair:3   | Reached skill level 12 in Axes
 12270 | Lair:3   | Noticed a six-headed hydra
 12674 | Lair:3   | Killed a one-headed hydra
 12808 | Lair:3   | Learned a level 2 spell: Passwall
 13370 | Lair:4   | Found a hole to the Spider Nest.
 13489 | Lair:4   | Noticed a death yak
 13490 | Lair:4   | Noticed a death yak
 13490 | Lair:4   | Noticed a death yak
 13491 | Lair:4   | Noticed a death yak
 13503 | Lair:4   | Reached skill level 1 in Earth Magic
 13524 | Lair:4   | Noticed a death yak
 13525 | Lair:4   | Noticed a death yak
 13526 | Lair:4   | Killed a death yak
 13709 | Lair:4   | Noticed a death yak
 14035 | D:8      | Bought a scroll of blinking for 112 gold pieces
 14035 | D:8      | Bought a +0 chain mail of cold resistance for 172 gold pieces
 14036 | D:8      | Bought 3 scrolls of identify for 90 gold pieces
 14483 | Lair:4   | Reached skill level 13 in Axes
 15020 | Lair:3   | HP: 2/74 [death yak (11)]
 15024 | Lair:3   | Mangled by a death yak

Skill      XL: |  1  2  3  4  5  6  7  8  9 10 11 12 |
---------------+-------------------------------------+-----
Necromancy     | 5 6 7 8 |  8.0
Dodging        | 2 3 5 6 8 9 |  9.6
Long Blades    | 1 2 4 |  4.4
Armour         | 1 |  1.9
Invocations    | 3 5 7 9 10 | 10.4
Axes           | 2 3 6 8 11 13 | 13.0
Charms         | 2 3 5 |  5.0
Earth Magic    | 1 |  1.8
Stealth        | |  1.7
Spellcasting   | |  2.0

Action                   |  1- 3 |  4- 6 |  7- 9 | 10-12 || total
-------------------------+-------+-------+-------+-------++-------
Melee: Club              |    28 |       |       |       ||    28
       Spear             |    67 |       |       |       ||    67
       Glaive            |    19 |    49 |       |       ||    68
       Long sword        |       |    79 |     4 |       ||    83
       War axe           |       |       |   228 |   511 ||   739
       Hand axe          |       |       |       |     8 ||     8
 Fire: Hunting sling     |     3 |       |       |       ||     3
Throw: Tomahawk          |       |       |       |     2 ||     2
 Cast: Pain              |    26 |     9 |       |     1 ||    36
       Animate Skeleton  |    13 |     9 |    21 |    57 ||   100
       Vampiric Draining |     1 |     5 |     7 |    25 ||    38
       Regeneration      |       |     2 |    16 |    81 ||    99
Invok: Line Pass         |       |       |     1 |       ||     1
       Stomp             |       |       |       |     6 ||     6
       Grand Finale      |       |       |       |     1 ||     1
Evoke: Wand              |       |    11 |    21 |    15 ||    47
       Lightning rod     |       |       |       |     6 ||     6
  Use: Scroll            |     3 |     7 |     4 |    14 ||    28
       Potion            |       |       |       |     4 ||     4
 Stab: Sleeping          |     2 |       |       |    13 ||    15
       Paralysed         |       |       |    17 |    54 ||    71
       Distracted        |       |       |       |     1 ||     1
       Confused          |       |       |       |     1 ||     1
  Eat: Chunk             |     5 |     7 |    13 |    28 ||    53
       Ration            |       |     1 |     1 |     3 ||     5
Armor: Robe              |    18 |       |    23 |    66 ||   107
       Ring mail         |     3 |    65 |    41 |       ||   109
       Chain mail        |       |       |       |    17 ||    17
Dodge: Dodged            |    73 |    84 |   147 |   351 ||   655
       Rpst.: Long sword |       |    17 |       |       ||    17
